 Dungeon Crawl Stone Soup version 0.26-a0-649-gf8c6c3aab7 (webtiles) character file.

Game seed: 8064842904542980652

70227 pkoi the Grappler (level 14, -5/126 HPs)
             Began as a Minotaur Monk on Sept 27, 2020.
             Was the Champion of Okawaru.
             Slain by an ice devil (20 damage)
             ... summoned by an orc sorcerer
             ... while paralysed by an orc sorcerer
             ... on level 2 of the Orcish Mines.
             The game lasted 00:36:40 (24142 turns).

pkoi the Grappler (Minotaur Monk)                  Turns: 24142, Time: 00:36:40

Health: -5/126     AC: 22    Str: 29    XL:     14   Next: 93%
Magic:  19/19      EV:  2    Int:  5    God:    Okawaru [******]
Gold:   2049       SH:  0    Dex: 17    Spells: 14/21 levels left

rFire    . . .     SeeInvis .     - Unarmed
rCold    . . .     Faith    +   v - +1 buckler
rNeg     . . .     Spirit   .   F - +6 scale mail "Aqiuts" {rPois Str+8 Int-2 Dex+4}
rPois    +         Reflect  .   J - +2 hat
rElec    +         Harm     .   T - +2 cloak {rPois}
rCorr    +         Rampage  +   f - +1 pair of gloves "Bakhleu" {*Contam Rampage rElec rCorr}
MR       +....                  (no boots)
Stlth    +.........             K - amulet of faith
HPRegen  0.31/turn              h - +4 ring of evasion
MPRegen  0.16/turn              E - +4 ring of evasion

@: paralysed, weakened, lightly drained
A: retaliatory headbutt, horns 2
a: Heroism, Finesse, Renounce Religion


You were on level 2 of the Orcish Mines.
You worshipped Okawaru.
Okawaru was exalted by your worship.
You visited 3 branches of the dungeon, and saw 21 of its levels.
You also visited: Sewer and Volcano.

You collected 2049 gold pieces.

Inventory:

Hand Weapons
 b - the +10 fustibalus "Zailyrom" {vorpal, rElec rC+ Str-2 Int+9}
   (Okawaru gifted it to you on level 9 of the Dungeon)

   Any stone fired from it inflicts extra damage.
   It affects your strength (-2).
   It affects your intelligence (+9).
   It protects you from cold.
   It insulates you from electricity.
Missiles
 u - 8 boomerangs of dispersal (quivered)
 y - 188 sling bullets
Armour
 f - the +1 pair of gloves "Bakhleu" (worn) {*Contam Rampage rElec rCorr}
   (Okawaru gifted it to you on level 6 of the Lair of Beasts)

   It insulates you from electricity.
   It causes magical contamination when unequipped.
   It provides partial protection from all sources of acid and corrosion.
   It bestows one free step when moving towards enemies.
 v - a +1 buckler (worn)
 F - the +6 scale mail "Aqiuts" (worn) {rPois Str+8 Int-2 Dex+4}
   (Okawaru gifted it to you on level 1 of the Lair of Beasts)

   It affects your strength (+8).
   It affects your intelligence (-2).
   It affects your dexterity (+4).
   It protects you from poison.
 J - a +2 hat (worn)
 T - a +2 cloak of poison resistance (worn)
Jewellery
 g - an uncursed ring of protection from fire
 h - a +4 ring of evasion (left hand)
 k - an uncursed ring of flight
 x - an uncursed amulet of guardian spirit
 C - an uncursed ring of ice
 E - a +4 ring of evasion (right hand)
 K - an amulet of faith (around neck)
 P - an uncursed ring of protection from cold
 S - an uncursed ring of fire
 U - an uncursed amulet of regeneration
Wands
 m - a wand of polymorph (10)
 r - a wand of disintegration (18)
 s - a wand of paralysis (16)
 z - a wand of acid (2)
 I - a wand of flame (6)
 M - a wand of digging (20)
 N - a wand of iceblast (8)
 Q - a wand of enslavement (7)
Scrolls
 a - 9 scrolls of teleportation
 c - 3 scrolls of fog
 e - 8 scrolls of identify
 j - 6 scrolls of enchant armour
 q - 5 scrolls of blinking
 B - 5 scrolls of remove curse
 G - 2 scrolls of enchant weapon
Potions
 d - 7 potions of curing
 i - 2 potions of might
 l - 2 potions of brilliance
 n - 6 potions of flight
 o - 5 potions of stabbing
 t - 5 potions of haste
 w - 6 potions of invisibility
 A - 5 potions of lignification
 D - 2 potions of heal wounds
 H - 3 potions of resistance
 L - a potion of ambrosia
 O - 2 potions of berserk rage
Miscellaneous
 R - a phantom mirror


   Skills:
 + Level 12.1(11.6) Fighting
 + Level 9.6(9.2) Slings
 + Level 11.1(10.6) Armour
 + Level 10.0(9.5) Dodging
 - Level 1.5(1.2) Stealth
 + Level 4.7(4.3) Shields
 + Level 13.3(12.8) Unarmed Combat
 - Level 4.0(3.6) Spellcasting
 + Level 5.9(5.5) Translocations
 + Level 7.4(7.0) Transmutations
 - Level 8.0(7.5) Invocations


You had 14 spell levels left.
You knew the following spells:

 Your Spells              Type           Power        Failure   Level
a - Blade Hands           Tmut           #.........   71%         5
b - Blink                 Tloc           N/A          11%         2

Your spell library contained the following spells:

 Spells                   Type           Power        Failure   Level
 Beastly Appendage        Tmut           #.....       3%          1
 Wereblood                Tmut           #.......     6%          2
 Sting                    Tmut/Pois      #...         16%         1
 Spider Form              Tmut/Pois      #.........   43%         3
 Corona                   Hex            #......      56%         1
 Magic Dart               Conj           #...         56%         1
 Ignite Poison            Fire/Tmut/Pois #.......     61%         3
 Call Imp                 Summ           #.......     71%         2
 Ensorcelled Hibernation  Hex/Ice        #.....       71%         2
 Poisonous Vapours        Pois/Air       #.....       71%         2
 Searing Ray              Conj           #.....       71%         2
 Slow                     Hex            #.......     71%         2
 Ice Form                 Ice/Tmut       #.......     85%         4
 Conjure Flame            Conj/Fire      #.......     91%         3
 Dazzling Flash           Conj/Hex       #.....       91%         3
 Mephitic Cloud           Conj/Pois/Air  #.......     91%         3
 Iskenderun's Mystic Bla  Conj/Tloc      #.......     91%         4
 Fulminant Prism          Conj/Hex       #.........   100%        4
 Leda's Liquefaction      Hex/Erth       #.........   100%        4
 Olgreb's Toxic Radiance  Pois           #.......     100%        4
 Bolt of Magma            Conj/Fire/Erth #.........   100%        5
 Invisibility             Hex            #.......     100%        6


Dungeon Overview and Level Annotations

Branches:
Dungeon (13/15)            Temple (0/1) D:6            Lair (6/6) D:8
  Swamp (0/4) Lair:4        Snake (0/4) Lair:3        Slime (0/5) Lair:5
    Orc (2/2) D:11            Elf (0/3) Orc:2         Sewer (visited)
Volcano (visited)
 Vaults: D:13-14

Altars:
Dithmenos
Kikubaaqudgha
Okawaru
Qazlal
Wu Jian
Xom
Beogh
Jiyva

Annotations:
Lair:6 1 runed translucent door, Hest's ghost, journeyman TeBe


Innate Abilities, Weirdness & Mutations

You reflexively headbutt those who attack you in melee.
You have a pair of horns on your head.


Message History

The orc hits you but does no damage.
The orange demon stings you but does no damage.
The orange demon hits you but does no damage.
The orc wizard begins to cast a cantrip, but forgets the words!
The neqoxec gestures.
The orc knight hits you with a +0 dire flail!
* * * LOW HITPOINT WARNING * * *
The orc sorcerer hits you with a +0 dagger.
* * * LOW HITPOINT WARNING * * *
The orange demon stings you.
* * * LOW HITPOINT WARNING * * *
The orange demon hits you.
* * * LOW HITPOINT WARNING * * *
You feel your attacks grow feeble.
The crimson imp laughs crazily.
The crimson imp hits you but does no damage.
The ice devil hits you.
* * * LOW HITPOINT WARNING * * *
The ice devil freezes you!!
You die...

#.............#....#
###.................#
#.....#......#.#...##
...##.....).).(.).##
#.#.#.5....o....).).#..
#..5#.#3oo[.[..)#))$...
##.#.3§ooo[.(..()((oo..
####o#o############...
##.#55@o#


o.o #....4.4# .o3 ## ##.#....# .. ##.# #..)<...# .. #...####.......#
##..#.#...[.[...# #.............>.# ##.#............# ##....#[#)......# You
could see 2 orc knights, an orange demon (summoned), an ice devil (summoned), a
smoke demon (summoned), a neqoxec (summoned), 2 orc sorcerers, an iron imp
(summoned, expiring), 2 orc priests, an orc wizard (fast, strong), a crimson imp
(summoned), a white imp (summoned), 2 orcs and an ufetubus (summoned).

Vanquished Creatures
  Gastronok (Lair:1)
  Frances (D:13)
  Kirke (D:12)
  An orc warlord (Orc:1)
  Azrael (Orc:2)
  A dire elephant (Lair:6)
  A red draconian (Volcano)
  4 hydras
  Harold (D:7)
  Erolcha (D:12)
  3 two-headed ogres
  A catoblepas (Lair:6)
  A centaur warrior (D:11)
  The ghost of Buchaag the Cleaver, a novice MiMo of Makhleb (D:13)
  10 death yaks (Lair:6)
  A deep troll shaman (Lair:6)
  An orc high priest (Orc:2)
  A salamander mystic (Volcano)
  An unseen horror (D:12)
  A swamp dragon (Lair:4)
  3 orc knights (Orc:1)
  An orc sorcerer (Orc:1)
  2 manticores
  4 salamanders (Volcano)
  2 cyclopes (D:11)
  8 elephants (Lair:6)
  5 black mambas
  2 molten gargoyles (Volcano)
  7 cane toads
  2 rime drakes (Lair:5)
  3 komodo dragons
  A tengu conjurer (D:13)
  A queen bee (Lair:3)
  5 polar bears
  A hornet (D:13)
  3 trolls
  14 blink frogs
  Prince Ribbit (D:8)
  2 dream sheep (D:10)
  6 hippogriffs
  2 spriggans (D:13)
  3 wyverns
  25 yaks
  6 hogs (D:12)
  2 fire elementals (Orc:2)
  A vampire (D:13)
  3 steam dragons
  10 vampire mosquitoes
  Grum (D:11)
  2 fire bats (Volcano)
  A basilisk (Lair:3)
  Menkaure (D:5)
  2 nagas (Lair:3)
  7 wargs
  2 acid dragons
  4 hell hounds (Orc:2)
  10 porcupines
  12 water moccasins
  3 sky beasts
  A necrophage (D:10)
  An ice beast (D:9)
  7 ogres
  5 black bears
  25 orc warriors
  2 phantoms
  17 wolves
  5 centaurs
  10 crocodiles
  3 big kobolds (D:10)
  2 wyvern zombies
  16 bullfrogs
  30 killer bees
  6 scorpions
  17 wights
  2 bullfrog zombies
  5 lava snakes (Volcano)
  A jelly (D:9)
  2 hounds
  24 orc priests
  2 bullfrog skeletons
  33 orc wizards
  4 centaur skeletons
  Jessica (D:2)
  Ijyb (D:3)
  11 worker ants
  Natasha (thrice) (D:3)
  6 iguanas
  2 hound skeletons
  2 hound zombies
  Robin (D:3)
  A howler monkey zombie (D:6)
  14 gnolls
  9 adders
  4 shadow imps
  3 white imps
  4 ufetubi
  6 oozes
  An adder zombie (D:6)
  2 adder skeletons
  6 worms
  5 dart slugs
  8 leopard geckos
  103 orcs
  A ball python (Sewer)
  6 giant cockroaches
  16 goblins
  7 hobgoblins
  21 jackals
  8 kobolds
  5 quokkas
  11 bats
  7 frilled lizards
  A jackal skeleton (D:6)
  2 leopard gecko skeletons (D:4)
  A quokka skeleton (D:8)
  8 rats
711 creatures vanquished.

Vanquished Creatures (collateral kills)
  A water moccasin (Lair:1)
1 creature vanquished.

Vanquished Creatures (others)
  An orc wizard (Orc:2)
  51 fungi
  61 plants
113 creatures vanquished.

Grand Total: 825 creatures vanquished

Notes
Turn   | Place    | Note
-------+----------+-------------------------------------------
     0 | D:1      | pkoi the Minotaur Monk began the quest for the Orb.
     0 | D:1      | Reached XP level 1. HP: 19/19 MP: 0/0
    44 | D:1      | You fall into a shaft and drop 1 floor!
   100 | D:1      | Reached skill level 4 in Unarmed Combat
   100 | D:1      | Reached XP level 2. HP: 23/26 MP: 1/1
   611 | D:1      | Reached XP level 3. HP: 29/31 MP: 2/2
   911 | D:2      | Reached skill level 5 in Unarmed Combat
  1039 | D:2      | Noticed Jessica
  1046 | D:2      | Killed Jessica
  1046 | D:2      | Reached XP level 4. HP: 39/39 MP: 3/3
  1440 | D:2      | Reached skill level 6 in Unarmed Combat
  1693 | D:3      | Found an iron altar of Okawaru.
  1703 | D:3      | Reached XP level 5. HP: 43/45 MP: 4/4
  1734 | D:3      | Became a worshipper of Warmaster Okawaru
  1734 | D:3      | Reached * piety under Okawaru
  1734 | D:3      | Reached ** piety under Okawaru
  1905 | D:3      | Noticed Natasha
  1912 | D:3      | Killed Natasha
  1916 | D:3      | Found a faded altar of an unknown god.
  1934 | D:3      | Reached skill level 1 in Armour
  1972 | D:3      | Reached XP level 6. HP: 52/52 MP: 5/5
  2007 | D:3      | Noticed Ijyb
  2007 | D:3      | Paralysed by Ijyb for 7 turns
  2021 | D:3      | Killed Ijyb
  2021 | D:3      | Reached skill level 7 in Unarmed Combat
  2021 | D:3      | Reached skill level 1 in Invocations
  2046 | D:3      | Noticed Robin
  2055 | D:3      | Killed Robin
  2133 | D:3      | Noticed Natasha
  2146 | D:3      | Killed Natasha
  2246 | D:3      | Noticed Natasha
  2252 | D:3      | Killed Natasha
  2782 | D:4      | Got a smoking hunting sling
  2783 | D:4      | Identified the cursed +3 hunting sling "Raagg" {freeze,
                  | Dex+3 Stlth+} (You found it on level 4 of the Dungeon)
  2943 | D:3      | Reached XP level 7. HP: 60/60 MP: 7/7
  3258 | D:4      | Reached *** piety under Okawaru
  3266 | D:4      | Reached skill level 1 in Shields
  3651 | D:5      | Entered Level 5 of the Dungeon
  3702 | D:5      | Reached skill level 1 in Slings
  3780 | D:5      | Noticed Menkaure
  3829 | D:5      | Killed Menkaure
  3829 | D:5      | Reached skill level 8 in Unarmed Combat
  3866 | D:5      | Found a glowing drain.
  3870 | Sewer    | Entered a sewer
  4297 | Sewer    | Received a gift from Okawaru
  4592 | D:5      | Reached XP level 8. HP: 63/67 MP: 5/8
  4837 | D:5      | Reached skill level 5 in Fighting
  5217 | D:6      | Found a staircase to the Ecumenical Temple.
  5370 | D:6      | Got an ebony dagger
  5371 | D:6      | Identified the +6 dagger of Wocaf {flame, rF- Dex+4} (You
                  | found it on level 6 of the Dungeon)
  5626 | D:6      | Received a gift from Okawaru
  5761 | D:7      | Found a stormy altar of Qazlal.
  5763 | D:7      | Noticed an air elemental
  5766 | D:7      | Got a shimmering robe
  5767 | D:7      | Identified the +0 robe of Anaesthesia {Int+4 Dex+10} (You
                  | found it on level 7 of the Dungeon)
  5812 | D:7      | Noticed Harold
  5828 | D:7      | Killed Harold
  5828 | D:7      | Reached **** piety under Okawaru
  5828 | D:7      | Reached skill level 9 in Unarmed Combat
  5828 | D:7      | Reached XP level 9. HP: 49/75 MP: 6/11
  6208 | D:7      | Reached skill level 5 in Armour
  6367 | D:7      | Found an ancient bone altar of Kikubaaqudgha.
  6513 | D:7      | Learned a level 5 spell: Blade Hands
  6603 | D:8      | Noticed Prince Ribbit
  6619 | D:8      | Killed Prince Ribbit
  6668 | D:8      | Reached ***** piety under Okawaru
  6910 | D:8      | Noticed a two-headed ogre
  6911 | D:8      | Reached skill level 1 in Transmutations
  6933 | D:8      | Killed a two-headed ogre
  6933 | D:8      | Reached skill level 10 in Unarmed Combat
  6933 | D:8      | Reached skill level 1 in Spellcasting
  6933 | D:8      | Reached skill level 5 in Invocations
  6933 | D:8      | Reached XP level 10. HP: 81/86 MP: 8/12
  7027 | D:8      | Found a staircase to the Lair.
  7134 | D:8      | Received a gift from Okawaru
  8102 | D:9      | Noticed a two-headed ogre
  8116 | D:9      | Killed a two-headed ogre
  9214 | D:9      | Received a gift from Okawaru
  9242 | D:9      | Reached skill level 5 in Dodging
  9253 | D:9      | Got a crystal fustibalus {god gift}
  9255 | D:9      | Identified the +10 fustibalus "Zailyrom" {vorpal, rElec rC+
                  | Str-2 Int+9} (Okawaru gifted it to you on level 9 of the
                  | Dungeon)
  9430 | D:9      | Found an ornate altar of the Wu Jian Council.
  9470 | D:9      | Learned a level 2 spell: Blink
  9654 | D:10     | Entered Level 10 of the Dungeon
  9803 | D:10     | Noticed a two-headed hydra
  9818 | D:10     | Killed a two-headed hydra
  9818 | D:10     | Reached XP level 11. HP: 47/95 MP: 14/14
 10254 | D:10     | Reached skill level 1 in Translocations
 10457 | D:10     | Found a roughly hewn altar of Beogh.
 10624 | D:10     | Received a gift from Okawaru
 11281 | Lair:1   | Entered Level 1 of the Lair of Beasts
 11339 | Lair:1   | Received a gift from Okawaru
 11342 | Lair:1   | Got a bloodstained scale mail {god gift}
 11353 | Lair:1   | Identified the +6 scale mail "Aqiuts" {rPois Str+8 Int-2
                  | Dex+4} (Okawaru gifted it to you on level 1 of the Lair of
                  | Beasts)
 11362 | Lair:1   | Reached skill level 11 in Unarmed Combat
 11406 | Lair:1   | Reached skill level 5 in Slings
 12093 | Lair:1   | Noticed Gastronok
 12121 | Lair:1   | Killed Gastronok
 12804 | Lair:2   | Reached XP level 12. HP: 98/105 MP: 16/16
 13013 | Lair:2   | Received a gift from Okawaru
 13883 | Lair:3   | Reached skill level 5 in Transmutations
 14346 | Lair:3   | Found a staircase to the Snake Pit.
 14596 | Lair:4   | Reached ****** piety under Okawaru
 14603 | Lair:4   | Reached skill level 10 in Fighting
 14861 | Lair:4   | Received a gift from Okawaru
 14982 | Lair:4   | Found a staircase to the Swamp.
 15411 | Lair:4   | Noticed a seven-headed hydra
 15420 | Lair:4   | Killed a seven-headed hydra
 15873 | Lair:5   | Reached skill level 12 in Unarmed Combat
 15873 | Lair:5   | Reached XP level 13. HP: 113/113 MP: 18/18
 16211 | Lair:5   | Found a viscous altar of Jiyva.
 16212 | Lair:5   | Found a staircase to the Slime Pits.
 16308 | Lair:5   | Received a gift from Okawaru
 16755 | Lair:6   | Entered Level 6 of the Lair of Beasts
 16868 | Lair:6   | Found a dark tunnel.
 16879 | Volcano  | Entered a volcano
 17308 | Volcano  | Found a bloodstained altar of Trog.
 17329 | Volcano  | Received a gift from Okawaru
 17617 | Volcano  | Noticed a red draconian
 17629 | Volcano  | Killed a red draconian
 17629 | Volcano  | Received a gift from Okawaru
 17632 | Volcano  | Got a polished scimitar {god gift}
 17871 | Lair:6   | Identified the +7 scimitar of Okawaru's Respect {elec,
                  | rElec Dex+4 Stlth-} (Okawaru gifted it to you in a volcano)
 18473 | Lair:6   | Found a runed translucent door.
 18473 | Lair:6   | Found a shimmering altar of Xom.
 18473 | Lair:6   | Noticed Hest's ghost (journeyman TeBe)
 18650 | Lair:6   | Received a gift from Okawaru
 18724 | Lair:6   | Noticed a dire elephant
 18740 | Lair:6   | Killed a dire elephant
 18740 | Lair:6   | Reached skill level 10 in Armour
 18874 | Lair:6   | Identified the Catalogue of Ensnaring Heat
 19283 | Lair:6   | Reached XP level 14. HP: 95/124 MP: 19/19
 19286 | Lair:6   | Reached skill level 5 in Translocations
 19307 | Lair:6   | Received a gift from Okawaru
 19318 | Lair:6   | Got a pair of glimmering gloves {god gift}
 19329 | Lair:6   | Identified the +1 pair of gloves "Bakhleu" {*Contam Rampage
                  | rElec rCorr} (Okawaru gifted it to you on level 6 of the
                  | Lair of Beasts)
 19988 | D:11     | Noticed Grum
 19993 | D:11     | Killed Grum
 20363 | D:11     | Found a shadowy altar of Dithmenos.
 20525 | D:11     | Found a staircase to the Orcish Mines.
 20781 | D:12     | Noticed Erolcha
 20785 | D:12     | Killed Erolcha
 21252 | D:12     | Noticed Kirke
 21275 | D:12     | Killed Kirke
 21275 | D:12     | Reached skill level 13 in Unarmed Combat
 21510 | D:13     | Noticed Buchaag's ghost (novice MiMo)
 21511 | D:13     | Identified the +11 spear "Opne" {freeze, rPois Str+2 Int+4}
 21512 | D:13     | Found a runed translucent door.
 21818 | D:13     | Noticed Frances
 21829 | D:13     | Killed Frances
 21829 | D:13     | Received a gift from Okawaru
 22065 | D:13     | Killed Buchaag's ghost
 22275 | Orc:1    | Entered Level 1 of the Orcish Mines
 23043 | Orc:2    | Entered Level 2 of the Orcish Mines
 23043 | Orc:2    | Found a staircase to the Elven Halls.
 23055 | Orc:2    | Noticed Azrael
 23075 | Orc:2    | Killed Azrael
 23723 | Orc:2    | Received a gift from Okawaru
 23732 | Orc:2    | Noticed an orc warlord
 23933 | Orc:1    | Killed an orc warlord
 23933 | Orc:1    | Received a gift from Okawaru
 24068 | Orc:2    | Reached skill level 10 in Dodging
 24137 | Orc:2    | Paralysed by an orc sorcerer for 6 turns
 24142 | Orc:2    | Slain by an ice devil

Illustrated notes

Levels and vault maps discovered:
D:1:      erik_arrival_blinker_ship, layout_basic, serial_glass,
          glass_columns_a, glass_columns_b
D:2:      layout_loops_ring, minivault_24, uniq_jessica
D:3:      layout_basic, chequers_ecumenical_altar_simple,
          okawaru_ov_weapons_minmay, uniq_robin, uniq_natasha, uniq_ijyb
D:4:      kennysheep_the_goblin_king, layout_loops_ring
D:5:      layout_basic, gup_sewer_entry_bowl, uniq_menkaure
D:6:      layout_basic, minmay_temple_entry_gardened_gates
D:7:      layout_basic, nicolae_qazlal_style_of_elements,
          kiku_gazebo_pond_becter, uniq_harold
D:8:      layout_basic, due_lair_maze_entry_diamond, uniq_prince_ribbit1
D:9:      layout_loops_ring, lemuel_coloured_pillars_altar,
          corexii_corridor_pit, minmay_fractal_squares_5
D:10:     layout_grid_maze, special_room [special_room_orc], hangedman_ranch
          [blue_anna_fruit_fields]
D:11:     layout_loops_ring, orc_0_dummy, kennysheep_small_circle, uniq_grum
D:12:     layout_rooms, uniq_erolcha, uniq_kirke
D:13:     layout_loops_ring, ebering_ghost_funeral_grove, uniq_frances
Lair:1:   layout_cave_pods, infiniplex_staircase_pool_2, uniq_gastronok
Lair:2:   layout_loops_ring
Lair:3:   regret_index_wax_grids, layout_loops_ring,
          guppyfry_snake_entry_island, serial_rivers,
          chequers_serial_rivers_micro_e, chequers_serial_rivers_marsh,
          chequers_serial_rivers_marsh, chequers_serial_rivers_micro_c
Lair:4:   layout_hall_layers, minmay_swamp_entry_reptiles, pond
Lair:5:   layout_gridlike, dpeg_slime_entry_enclosed_altar
Lair:6:   grunt_lair_end_beastmaster, layout_cave_pods, ebering_ghost_xom,
          nicolae_volcano_entry_two_sided, patterned_corridor
Orc:1:    layout_caves, nooodl_orcs_dogs
Orc:2:    st_orc_congregation, layout_caves, uniq_azrael

Skill      XL: |  1  2  3  4  5  6  7  8  9 10 11 12 13 14 |
---------------+-------------------------------------------+-----
Unarmed Combat | 4 5 6 7 8 9 10 11 12 13 | 13.3
Armour         | 1 2 3 4 6 7 8 10 11 | 11.1
Invocations    | 1 2 4 5 6 7 8 |  8.0
Fighting       | 4 6 7 8 9 10 11 12 | 12.1
Dodging        | 4 5 6 7 8 10 | 10.0
Shields        | 1 3 4 |  4.7
Slings         | 1 3 4 5 7 8 9 |  9.6
Transmutations | 1 3 4 5 6 7 |  7.4
Spellcasting   | 1 2 3 4 |  4.0
Translocations | 2 3 4 5 |  5.9
Stealth        | |  1.5

Action                   |  1- 3 |  4- 6 |  7- 9 | 10-12 | 13-15 || total
-------------------------+-------+-------+-------+-------+-------++-------
Melee: Unarmed           |    82 |   155 |   267 |   750 |   744 ||  1998
       Headbutt          |    12 |    28 |    68 |   249 |   245 ||   602
       Punch             |       |     5 |       |       |       ||     5
       Dagger            |       |       |    13 |       |       ||    13
 Fire: Hunting sling     |       |       |    57 |       |       ||    57
       Fustibalus        |       |       |       |    34 |    66 ||   100
Throw: Boomerang         |       |     5 |       |       |       ||     5
Invok: Heroism           |       |       |     1 |     6 |    10 ||    17
       Finesse           |       |       |       |       |     2 ||     2
  Use: Scroll            |     3 |     5 |     9 |     5 |     6 ||    28
       Potion            |       |       |     4 |       |       ||     4
 Stab: Sleeping          |     3 |       |     2 |     3 |       ||     8
       Petrified         |       |       |       |       |     6 ||     6
Armor: Robe              |     9 |     4 |     9 |    26 |       ||    48
       Scale mail        |       |    26 |    45 |    92 |   145 ||   308
Dodge: Dodged            |    50 |   105 |   188 |   629 |   530 ||  1502
Block: Buckler           |       |     3 |    67 |   247 |   166 ||   483

Table legend: (Time is in decaauts)
 A = Elapsed time spent in this place.
 B = Non-inter-level travel time spent in this place.
 C = Inter-level travel time spent in this place.
 D = Time resting spent in this place.
 E = Time spent auto-exploring this place.
 F = Levels seen in this place.
 G = Mean time per level.
                   A        B        C        D        E       F      G
               +--------+--------+--------+--------+--------+-----+--------+
         Total |  23901 |  22668 |   1233 |   2618 |  15757 |  23 | 1039.2 |
       Dungeon |  12887 |  11930 |    957 |   1081 |   8495 |  13 |  991.3 |
          Lair |   7401 |   7159 |    242 |    650 |   5386 |   6 | 1233.5 |
  Orcish Mines |   1804 |   1770 |     34 |    703 |    627 |   2 |  902.0 |
         Sewer |    831 |    831 |      0 |      0 |    632 |   1 |  831.0 |
       Volcano |    975 |    975 |      0 |    184 |    616 |   1 |  975.0 |
               +--------+--------+--------+--------+--------+-----+--------+

Top non-repeatable levels by time:
  Lair:6: 1938 daAuts
     D:8: 1734 daAuts
    D:10: 1546 daAuts
   Orc:1: 1487 daAuts
     D:9: 1458 daAuts
  Lair:1: 1430 daAuts
  Lair:4: 1318 daAuts
  Lair:3: 1165 daAuts
     D:2: 1063 daAuts
 Volcano: 975 daAuts
     D:4: 959 daAuts
     D:3: 913 daAuts
  Lair:5: 904 daAuts
    D:11: 852 daAuts
   Sewer: 831 daAuts
